[Event "December 12 Late 2023"]
[Site "https://www.chess.com"]
[Date "2023.12.12"]
[Round "11"]
[White "Dyachuk, Artem"]
[Black "Espinoza Villanueva, Rodrigo"]
[Result "1/2-1/2"]
[Board "31"]
[TimeControl "180+1"]
[WhiteFideId "34107924"]
[BlackFideId "5140188"]
[WhiteElo "2697"]
[BlackElo "2578"]
[WhiteTeam "UKR"]
[BlackTeam "MEX"]
[WhiteClock "0:00:03"]
[BlackClock "0:00:03"]

1. e4 c5 2. Nf3 Nc6 3. Bb5 g6 4. O-O Bg7 5. Bxc6 dxc6 6. h3 Nf6 7. d3 Nd7 8. a4 e5 9. a5 Nf8 10. Nbd2 Ne6 11. Nc4 Qc7 12. Nfd2 O-O 13. Nb3 Qe7 14. Be3 Nd4 15. Nbd2 f5 16. c3 Ne6 17. f3 f4 18. Bf2 g5 19. Rb1 h5 20. b4 cxb4 21. cxb4 Nd4 22. Bxd4 exd4 23. e5 g4 24. fxg4 hxg4 25. hxg4 Qg5 26. Ne4 Qxg4 27. Qxg4 Bxg4 28. Rf2 Rae8 29. Rbf1 Bxe5 30. Nxe5 Rxe5 31. Rxf4 Rxf4 32. Rxf4 Be2 33. Nf2 Rd5 34. Re4 Bh5 35. Re7 Rb5 36. a6 bxa6 37. Rxa7 Rxb4 38. Ne4 Bf7 39. Rxa6 Rb3 40. Nc5 Rb1+ 41. Kh2 Bd5 42. g4 Rc1 43. Nd7 Re1 44. Ra7 Re3 45. Nf6+ Kf8 46. g5 Rxd3 47. g6 Rd2+ 48. Kh3 Rg2 49. Nh7+ Kg8 50. Nf6+ Kf8 51. Nxd5 Rxg6 52. Nf4 Rf6 53. Kg4 Rf7 54. Ne6+ Ke8 55. Ra8+ Ke7 56. Nxd4 Kd6 57. Nf5+ Kd5 58. Kf4 c5 59. Rd8+ Kc4 60. Ke4 Kb3 61. Ne3 c4 62. Rb8+ Kc3 63. Nd5+ Kc2 64. Kd4 Rd7 65. Rb4 c3 66. Kc4 Kd2 67. Nb6 c2 68. Nxd7 c1=Q+ 69. Kd5 Qc3 70. Rb5 Qd3+ 71. Kc6 Qxb5+ 72. Kxb5 1/2-1/2

[Event "December 12 Late 2023"]
[Site "https://www.chess.com"]
[Date "2023.12.12"]
[Round "11"]
[White "Kopczynski, Michal"]
[Black "Aldokhin, Ivan"]
[Result "1-0"]
[Board "32"]
[TimeControl "180+1"]
[WhiteFideId "1124200"]
[BlackFideId "24115720"]
[WhiteElo "2535"]
[BlackElo "2691"]
[WhiteTeam "POL"]
[BlackTeam "RUS"]
[WhiteClock "0:01:06"]
[BlackClock "0:00:58"]

1. e4 c5 2. d4 cxd4 3. c3 d3 4. Bxd3 Nc6 5. f4 d5 6. e5 Nh6 7. Nf3 Bf5 8. O-O e6 9. Kh1 Bc5 10. h3 Bxd3 11. Qxd3 Nf5 12. Kh2 h5 13. Bd2 Nh6 14. Ng5 Qc7 15. Qe2 g6 16. Be3 Ne7 17. Bxc5 Qxc5 18. Nd2 Nef5 19. Nb3 Qb6 20. Qf2 Qxf2 21. Rxf2 Ke7 22. Rd2 Rhc8 23. Nh7 a5 24. Nf6 a4 25. Nc1 a3 26. Ne2 h4 27. bxa3 Ne3 28. Rb1 Rc7 29. Rdb2 Rb8 30. a4 Nhf5 31. a5 Nc4 32. Rb5 Rbc8 33. Rxb7 Nxa5 34. Rxc7+ Rxc7 35. Rb8 Ng7 36. Rg8 Rb7 37. Rxg7 Rb2 38. Rg8 1-0

[Event "December 12 Late 2023"]
[Site "https://www.chess.com"]
[Date "2023.12.12"]
[Round "11"]
[White "Goryachkina, Aleksandra"]
[Black "Roberson, Peter T"]
[Result "1-0"]
[Board "33"]
[TimeControl "180+1"]
[WhiteFideId "4147103"]
[BlackFideId "412384"]
[WhiteElo "2665"]
[BlackElo "2573"]
[WhiteTeam "FID"]
[BlackTeam "ENG"]
[WhiteClock "0:01:35"]
[BlackClock "0:00:00"]

1. e4 c5 2. Nf3 d6 3. Bb5+ Bd7 4. Bxd7+ Nxd7 5. c3 Ngf6 6. Qe2 e6 7. d4 Be7 8. e5 Nd5 9. c4 N5b6 10. exd6 Bxd6 11. b4 cxb4 12. c5 Bxc5 13. dxc5 Nxc5 14. O-O Qd3 15. Qe5 Nbd7 16. Qxg7 O-O-O 17. Be3 Rhg8 18. Qxf7 Rdf8 19. Qh5 Rxf3 20. Qxf3 Ne5 21. Qh3 Qe2 22. Nd2 Ncd3 23. Qxe6+ Kc7 24. Qxg8 1-0

[Event "December 12 Late 2023"]
[Site "https://www.chess.com"]
[Date "2023.12.12"]
[Round "11"]
[White "Tikhonov, Viacheslav"]
[Black "Karttunen, Mika"]
[Result "0-1"]
[Board "34"]
[TimeControl "180+1"]
[WhiteFideId "44196407"]
[BlackFideId "502081"]
[WhiteElo "2532"]
[BlackElo "2645"]
[WhiteTeam "RUS"]
[BlackTeam "FIN"]
[WhiteClock "0:00:00"]
[BlackClock "0:00:40"]

1. e4 c6 2. d4 d5 3. Nc3 dxe4 4. Nxe4 Nf6 5. Nxf6+ exf6 6. Bc4 Qe7+ 7. Qe2 Be6 8. Bxe6 Qxe6 9. Bf4 Na6 10. O-O-O O-O-O 11. Qxe6+ fxe6 12. Nf3 g5 13. Bg3 h5 14. h3 Bd6 15. Bxd6 Rxd6 16. Rhe1 Nc7 17. c4 Rhd8 18. Rd2 g4 19. hxg4 hxg4 20. Nh4 Rxd4 21. Rxd4 Rxd4 22. b3 a5 23. Kc2 b5 24. Kc3 Rf4 25. Re2 b4+ 26. Kd3 e5 27. g3 Rd4+ 28. Ke3 Ne6 29. Ng2 a4 30. Rc2 axb3 31. axb3 Nc5 32. Ne1 Re4+ 33. Kd2 Nxb3+ 34. Kd1 Nc5 35. Ng2 b3 36. Rb2 Rxc4 37. Ne3 Rd4+ 38. Ke2 Kc7 39. Rb1 Kb6 40. Rh1 Kb5 41. Rh8 Kb4 42. Rb8+ Kc3 43. Nd1+ Kc2 44. Ne3+ Kc1 45. Rb6 b2 0-1

[Event "December 12 Late 2023"]
[Site "https://www.chess.com"]
[Date "2023.12.12"]
[Round "11"]
[White "Gubajdullin, Alexei"]
[Black "Reprintsev, Alexander"]
[Result "1-0"]
[Board "35"]
[TimeControl "180+1"]
[WhiteFideId "4141202"]
[BlackFideId "14100541"]
[WhiteElo "2639"]
[BlackElo "2528"]
[WhiteTeam "RUS"]
[BlackTeam "UKR"]
[WhiteClock "0:00:33"]
[BlackClock "0:00:00"]

1. e4 e5 2. Nf3 Nc6 3. Bb5 Bc5 4. O-O d6 5. c3 a6 6. Ba4 Ba7 7. h3 b5 8. Bb3 Be6 9. d4 Bxb3 10. axb3 Nge7 11. Rxa6 O-O 12. Be3 f5 13. Ng5 Qc8 14. Ra3 h6 15. Nf3 fxe4 16. Nfd2 d5 17. dxe5 Bxe3 18. fxe3 Nxe5 19. Qh5 N7g6 20. Rxa8 Qxa8 21. Na3 c6 22. Nc2 Rxf1+ 23. Nxf1 Qa2 24. Nd4 Qxb2 25. Qf5 Qxc3 26. h4 c5 27. Ne6 Nf3+ 28. gxf3 Nxh4 29. Qf8+ Kh7 30. fxe4 dxe4 31. Qf4 Nf3+ 32. Kf2 Qc2+ 33. Kg3 Ng5 34. Qf5+ g6 35. Nxg5+ hxg5 36. Qxg5 Qxb3 37. Qxc5 Qc4 38. Qe7+ 1-0

[Event "December 12 Late 2023"]
[Site "https://www.chess.com"]
[Date "2023.12.12"]
[Round "11"]
[White "Rojas Alarcon, Julian Antonio"]
[Black "Dubessay, Bastien"]
[Result "1-0"]
[Board "36"]
[TimeControl "180+1"]
[WhiteFideId "5107407"]
[BlackFideId "650048"]
[WhiteElo "2628"]
[BlackElo "2462"]
[WhiteTeam "MEX"]
[BlackTeam "FRA"]
[WhiteClock "0:02:14"]
[BlackClock "0:01:52"]

1. c4 e6 2. Nf3 d5 3. g3 d4 4. Bg2 Nc6 5. O-O Nf6 6. e3 Bc5 7. d3 O-O 8. Na3 e5 9. exd4 exd4 10. Nc2 a5 11. a3 a4 12. Bg5 h6 13. Bxf6 Qxf6 14. Nd2 Bf5 15. Ne4 Bxe4 16. Bxe4 Na5 17. Qh5 c6 18. Qxc5 Nb3 19. Qb6 Nxa1 20. Rxa1 Qe7 21. Nxd4 1-0

[Event "December 12 Late 2023"]
[Site "https://www.chess.com"]
[Date "2023.12.12"]
[Round "11"]
[White "yaguigor"]
[Black "Szpar, Milosz"]
[Result "0-1"]
[Board "37"]
[TimeControl "180+1"]
[BlackFideId "1184989"]
[WhiteElo "2512"]
[BlackElo "2851"]
[BlackTeam "POL"]
[WhiteClock "0:00:01"]
[BlackClock "0:01:38"]

1. e4 e6 2. d4 d5 3. Nc3 Nf6 4. e5 Nfd7 5. f4 c5 6. Nf3 Nc6 7. Be3 Be7 8. Qd2 O-O 9. dxc5 Qa5 10. Nb5 Qxd2+ 11. Kxd2 Nxc5 12. Bd3 Bd7 13. Nbd4 Rac8 14. a3 Rfd8 15. Rhe1 Na5 16. b4 Ne4+ 17. Kc1 Nc4 18. Bxe4 dxe4 19. Nd2 Ba4 20. N2b3 Bxb3 21. Nxb3 Nxa3 22. Bc5 Nxc2 23. Kxc2 b6 24. Rxa7 Bf8 25. Rxe4 bxc5 26. bxc5 Bxc5 27. Nxc5 Rxc5+ 28. Kb3 h5 29. Rc4 Rd3+ 30. Kb4 Rxc4+ 31. Kxc4 Rd2 32. g3 Rxh2 33. Ra3 Rh3 34. Kd4 Kh7 35. Ra7 Kg6 0-1

[Event "December 12 Late 2023"]
[Site "https://www.chess.com"]
[Date "2023.12.12"]
[Round "11"]
[White "Morris-Suzuki, Alan H"]
[Black "Brodsky, David"]
[Result "0-1"]
[Board "38"]
[TimeControl "180+1"]
[WhiteFideId "30933218"]
[BlackFideId "2073250"]
[WhiteElo "2534"]
[BlackElo "2778"]
[WhiteTeam "USA"]
[BlackTeam "USA"]
[WhiteClock "0:00:01"]
[BlackClock "0:00:03"]

1. Nf3 c5 2. g3 Nc6 3. Bg2 g6 4. O-O Bg7 5. d3 d5 6. Nc3 Nf6 7. e4 dxe4 8. dxe4 Qxd1 9. Rxd1 Bg4 10. Be3 Nd7 11. Nd5 Rc8 12. c3 Nde5 13. Nxe5 Nxe5 14. Rf1 e6 15. Nf4 g5 16. Nh3 h6 17. f3 Bxh3 18. Bxh3 Nc4 19. Bf2 b6 20. Rfc1 Nxb2 21. Bf1 c4 22. Bd4 Bxd4+ 23. cxd4 Ke7 24. Rc2 Nd3 25. Rd1 Rhd8 26. Bxd3 cxd3 27. Rxc8 Rxc8 28. Rxd3 Rc2 29. Ra3 a5 30. Rb3 Rxa2 31. Rxb6 a4 32. Ra6 a3 33. h4 gxh4 34. gxh4 Kf6 35. Ra5 Ke7 36. Ra6 Kd7 37. Kh1 Kc7 38. Kg1 Kb7 39. Ra4 Kb6 40. Kh1 Kb5 41. Ra8 Kb4 42. d5 exd5 43. exd5 Rd2 44. Rb8+ Kc3 45. Rc8+ Kb3 46. Rb8+ Kc2 47. Rc8+ Kb2 48. Rb8+ Ka1 49. Ra8 a2 50. Ra5 Kb1 51. d6 a1=Q 52. Rxa1+ Kxa1 0-1

[Event "December 12 Late 2023"]
[Site "https://www.chess.com"]
[Date "2023.12.12"]
[Round "11"]
[White "Chylewski, Patryk"]
[Black "Solon, Nathan"]
[Result "0-1"]
[Board "39"]
[TimeControl "180+1"]
[WhiteFideId "1186191"]
[BlackFideId "2017229"]
[WhiteElo "2520"]
[BlackElo "2654"]
[WhiteTeam "POL"]
[BlackTeam "USA"]
[WhiteClock "0:00:02"]
[BlackClock "0:00:25"]

1. c4 c6 2. Nf3 d5 3. d4 Nf6 4. e3 e6 5. Bd3 dxc4 6. Bxc4 Nbd7 7. O-O Bd6 8. Qe2 O-O 9. Rd1 Qc7 10. b3 e5 11. Bb2 e4 12. Nfd2 b5 13. h3 bxc4 14. bxc4 c5 15. Nb3 Ba6 16. Na3 Rab8 17. Rac1 Rfc8 18. Nb5 Bxb5 19. cxb5 c4 20. Nc5 Bxc5 21. Rxc4 Rxb5 22. dxc5 Rxc5 23. Rxc5 Qxc5 24. Qa6 Rb8 25. Bd4 Qc2 26. Rf1 h6 27. Qxa7 Rb1 28. Rxb1 Qxb1+ 29. Kh2 Qf1 30. Bxf6 Nxf6 31. Qb8+ Kh7 32. Qf4 Qb5 33. Qc7 Qd5 34. a4 Nd7 35. a5 Nc5 36. Qf4 Nd3 37. Qg3 Qxa5 38. Qg4 Qd5 39. h4 Nxf2 40. Qf4 Nd3 41. Qf1 Qe5+ 42. Kg1 Qf6 43. Qd1 Qf2+ 44. Kh1 Qxh4+ 45. Kg1 Qf2+ 46. Kh1 Qxe3 47. Kh2 Qf4+ 48. Kg1 Qf2+ 49. Kh2 Qh4+ 50. Kg1 Qe1+ 51. Qxe1 Nxe1 52. Kf2 Nd3+ 53. Ke3 f5 54. g4 Kg6 0-1

[Event "December 12 Late 2023"]
[Site "https://www.chess.com"]
[Date "2023.12.12"]
[Round "11"]
[White "Tokhirjonova, Gulrukhbegim"]
[Black "Lin, Bryan Enming"]
[Result "0-1"]
[Board "40"]
[TimeControl "180+1"]
[WhiteFideId "14203626"]
[BlackFideId "30987121"]
[WhiteElo "2631"]
[BlackElo "2531"]
[WhiteTeam "USA"]
[BlackTeam "USA"]
[WhiteClock "0:00:33"]
[BlackClock "0:00:33"]

1. e4 e5 2. Nf3 Nc6 3. Bb5 a6 4. Ba4 Nf6 5. d3 b5 6. Bb3 Be7 7. O-O O-O 8. c3 d6 9. h3 Na5 10. Bc2 c5 11. Re1 Nc6 12. b3 Re8 13. Nbd2 Bf8 14. Nf1 h6 15. Ng3 Be6 16. Bb2 Qc7 17. d4 exd4 18. cxd4 cxd4 19. Rc1 Nd7 20. Nxd4 Nxd4 21. Qxd4 Qc5 22. Qd2 Qg5 23. Qxg5 hxg5 24. Red1 Rad8 25. Bd3 Nc5 26. Bf1 g6 27. Bf6 Rc8 28. Bxg5 Rb8 29. Bf4 Rb6 30. Be3 Rb7 31. e5 a5 32. exd6 Nd7 33. Be2 a4 34. Bf3 Rbb8 35. Bc6 axb3 36. axb3 Red8 37. b4 Ne5 38. Ne4 f5 39. Ng5 Bc4 40. Bd5+ Bxd5 41. Rxd5 Bxd6 42. Ne6 Rd7 43. Rcd1 Nc4 44. Bc5 Re8 45. Ng5 Red8 46. Kf1 Nb2 47. R1d4 Nc4 48. Nf3 Kf7 49. g4 Ke6 50. gxf5+ gxf5 51. Ng5+ Kf6 52. h4 Rg8 53. Bxd6 Rgd8 54. Nh7+ Kg6 55. Ng5 Rxd6 56. Rxd6+ Rxd6 57. Rxd6+ Nxd6 58. Ke2 Kh5 59. Nf3 Ne4 60. Ke3 Kg4 61. Nd4 Nc3 62. Nxb5 Nxb5 63. h5 Kxh5 64. Kf4 Kg6 65. f3 Kf6 66. Ke3 Ke5 67. f4+ Kd5 68. Kd3 Nd6 69. Kc3 Nb5+ 70. Kd3 Nd4 71. Ke3 Ne6 72. Kd3 Nxf4+ 73. Ke3 Ne6 74. Kf3 Kc4 75. Ke3 Kxb4 76. Kd3 Kc5 77. Ke3 Kd5 78. Kf3 Ke5 79. Ke3 f4+ 80. Kf3 Kf5 81. Kf2 Nf8 82. Kf3 Nd7 83. Kf2 Nb8 84. Kf3 Na6 85. Kf2 Nc7 86. Kf3 Na8 87. Kf2 Nb6 88. Kf3 Nc8 89. Kf2 Nd6 90. Kf3 Ne8 91. Kf2 Ng7 92. Kf3 Ke5 93. Kf2 Ke4 94. Ke2 Nf5 95. Kf2 f3 96. Kf1 Kf4 97. Ke1 Ke3 98. Kf1 Nd6 99. Ke1 Nc8 100. Kf1 Na7 101. Ke1 Nb5 102. Kf1 Nc7 103. Ke1 Ne8 104. Kf1 Nf6 105. Ke1 Ng8 106. Kf1 Nh6 107. Ke1 Ng4 108. Kf1 Nh2+ 109. Kg1 f2+ 110. Kxh2 f1=Q 111. Kg3 Ke4 112. Kh2 Qf6 113. Kg2 Qg5+ 114. Kf2 Qg4 115. Kf1 Qh3+ 116. Kf2 Qh2+ 117. Kf1 Ke3 118. Ke1 Qe2# 0-1

[Event "December 12 Late 2023"]
[Site "https://www.chess.com"]
[Date "2023.12.12"]
[Round "11"]
[White "Ambartsumova, Karina"]
[Black "Ismayil, Malak"]
[Result "1-0"]
[Board "41"]
[TimeControl "180+1"]
[WhiteFideId "4166299"]
[BlackFideId "13412604"]
[WhiteElo "2617"]
[BlackElo "2517"]
[WhiteTeam "RUS"]
[BlackTeam "AZE"]
[WhiteClock "0:00:14"]
[BlackClock "0:00:03"]

1. d4 Nf6 2. c4 e6 3. Nc3 d5 4. cxd5 exd5 5. Bg5 Bb4 6. a3 Bxc3+ 7. bxc3 h6 8. Bf4 O-O 9. e3 c5 10. Bd3 Nc6 11. Nf3 Qa5 12. Qd2 c4 13. Bc2 Re8 14. O-O Bg4 15. Ne5 Nxe5 16. Bxe5 Qa6 17. f3 Bh5 18. e4 Nd7 19. Bg3 Bg6 20. e5 Bxc2 21. Qxc2 Nf8 22. f4 Ne6 23. f5 Ng5 24. f6 Ne4 25. Bf4 Qe6 26. fxg7 Kxg7 27. Rf3 Rh8 28. Raf1 h5 29. Bg3 Raf8 30. Bh4 Rh6 31. Bf6+ Kh7 32. Rf4 Rg8 33. Rxe4 dxe4 34. Qxe4+ Rhg6 35. d5 Qh3 36. Rf2 Qxc3 37. e6 Qc1+ 38. Rf1 Qd2 39. exf7 Rf8 40. Be7 Rxf7 41. Rxf7+ Kh6 42. Bf8+ Kg5 43. h4# 1-0

[Event "December 12 Late 2023"]
[Site "https://www.chess.com"]
[Date "2023.12.12"]
[Round "11"]
[White "Bazilius, Augustinas"]
[Black "Hajiyev, Kanan"]
[Result "1-0"]
[Board "42"]
[TimeControl "180+1"]
[WhiteFideId "12832251"]
[BlackFideId "13404148"]
[WhiteElo "2504"]
[BlackElo "2589"]
[WhiteTeam "LTU"]
[BlackTeam "AZE"]
[WhiteClock "0:00:49"]
[BlackClock "0:00:11"]

1. d4 d5 2. c4 c6 3. Nf3 Nf6 4. g3 Bf5 5. Bg2 e6 6. Nc3 Be7 7. Nh4 Bg4 8. h3 Bh5 9. g4 Bg6 10. Nxg6 hxg6 11. g5 Nh5 12. h4 dxc4 13. e3 O-O 14. Qe2 Nd7 15. Qxc4 e5 16. d5 Nb6 17. Qb3 cxd5 18. Nxd5 Nxd5 19. Bxd5 Bb4+ 20. Bd2 Bxd2+ 21. Kxd2 Rc8 22. Rac1 Qa5+ 23. Ke2 b5 24. Bxf7+ Kh7 25. Bxg6+ Kxg6 26. Qd3+ Kf7 27. Rxc8 Rxc8 28. Qd7+ Kg6 29. Qe6+ Kh7 30. g6+ Kh6 31. Qxc8 Qxa2 32. Qh8+ Kxg6 33. Rg1+ Kf6 34. Qf8+ Qf7 35. Qd6+ Qe6 36. Rg6+ 1-0

[Event "December 12 Late 2023"]
[Site "https://www.chess.com"]
[Date "2023.12.12"]
[Round "11"]
[White "Assylov, Miras"]
[Black "Garcia Almaguer, Juan Manuel"]
[Result "1-0"]
[Board "43"]
[TimeControl "180+1"]
[WhiteFideId "13728873"]
[BlackFideId "5110491"]
[WhiteElo "2579"]
[BlackElo "2495"]
[WhiteTeam "KAZ"]
[BlackTeam "MEX"]
[WhiteClock "0:00:06"]
[BlackClock "0:00:00"]

1. b3 e5 2. Bb2 Nc6 3. e3 g6 4. Nf3 Bg7 5. c4 Nge7 6. b4 d6 7. b5 Nb8 8. d4 e4 9. Nfd2 f5 10. Be2 c5 11. bxc6 bxc6 12. O-O O-O 13. Nc3 Nd7 14. Qc2 Ba6 15. Rab1 Qc7 16. Rfd1 Rfb8 17. Qa4 Qc8 18. Ba3 c5 19. Rxb8 Rxb8 20. Nb5 Nb6 21. Qb3 cxd4 22. exd4 Bxb5 23. cxb5+ Kh8 24. Bxd6 Rb7 25. Nc4 Ned5 26. Bc5 Nf4 27. Bf1 Nxc4 28. Qxc4 Rc7 29. Qb3 Ne6 30. Bd6 Rc3 31. Qa4 Qd7 32. Bc5 e3 33. fxe3 Nxc5 34. dxc5 Qe7 35. b6 axb6 36. cxb6 Be5 37. Qa8+ Kg7 38. Qd5 Qf6 39. b7 Kh6 40. Qd8 1-0

[Event "December 12 Late 2023"]
[Site "https://www.chess.com"]
[Date "2023.12.12"]
[Round "11"]
[White "Herman, Matthew"]
[Black "Sanchez Enriquez, Oscar Gerardo"]
[Result "1/2-1/2"]
[Board "44"]
[TimeControl "180+1"]
[WhiteFideId "2028964"]
[BlackFideId "5106311"]
[WhiteElo "2497"]
[BlackElo "2543"]
[WhiteTeam "USA"]
[BlackTeam "MEX"]
[WhiteClock "0:00:08"]
[BlackClock "0:00:19"]

1. e4 d6 2. d4 Nf6 3. Nc3 g6 4. Nf3 Bg7 5. Be3 O-O 6. h3 c6 7. Qd2 Qa5 8. Bd3 e5 9. O-O Nbd7 10. a3 Re8 11. b4 Qc7 12. Bh6 Nh5 13. Ne2 a5 14. c3 b5 15. g4 Nhf6 16. Ng3 Nb6 17. Kh1 Qe7 18. Rg1 Nc4 19. Bxc4 bxc4 20. dxe5 dxe5 21. Bxg7 Kxg7 22. Qe3 axb4 23. axb4 Rxa1 24. Rxa1 Qd6 25. Ra7 Re7 26. Rxe7 Qxe7 27. Nd2 Be6 28. Kg2 Nd7 29. Ne2 Qd6 30. Ng1 c5 31. b5 Qb6 32. f4 exf4 33. Qxf4 Qxb5 34. Ngf3 Qb2 35. Qe3 Qc2 36. Kf2 Nf6 37. Ke2 Nd7 38. Kf2 h6 39. Ke2 Nf6 40. Kf2 h5 41. g5 Nd7 42. h4 Bg4 43. Qf4 Bxf3 44. Kxf3 Qd3+ 45. Kf2 Qxc3 46. Nf3 Qb2+ 47. Kg3 Qb6 48. e5 Qe6 49. Qe4 Qg4+ 50. Qxg4 hxg4 51. Kxg4 c3 52. Ne1 Nxe5+ 53. Kf4 Nc4 54. Ke4 Nd6+ 55. Kd5 Nf5 56. Kxc5 Nxh4 57. Kc4 Nf5 58. Kxc3 f6 59. gxf6+ Kxf6 60. Kd3 Ke5 61. Ke2 Kf4 62. Kf2 Nh4 63. Nd3+ Kg4 64. Ne5+ Kf5 65. Nxg6 1/2-1/2

[Event "December 12 Late 2023"]
[Site "https://www.chess.com"]
[Date "2023.12.12"]
[Round "11"]
[White "Cervantes Landeiro, Thalia"]
[Black "Bardyk, Artem"]
[Result "0-1"]
[Board "45"]
[TimeControl "180+1"]
[WhiteFideId "3520498"]
[BlackFideId "34349979"]
[WhiteElo "2497"]
[BlackElo "2693"]
[WhiteTeam "USA"]
[BlackTeam "RUS"]
[WhiteClock "0:00:06"]
[BlackClock "0:00:26"]

1. d4 d5 2. c4 e6 3. Nc3 c5 4. cxd5 cxd4 5. Nf3 dxc3 6. bxc3 Qxd5 7. Qc2 Nf6 8. e3 Nc6 9. Bd3 e5 10. e4 Qa5 11. O-O Be7 12. Bd2 O-O 13. c4 Qc7 14. Bc3 Bg4 15. Nd2 Rfd8 16. h3 Be6 17. Nf3 Nd7 18. Be2 Nc5 19. Rad1 Rxd1 20. Rxd1 Rd8 21. Rxd8+ Qxd8 22. Nxe5 Nd4 23. Qd2 Nxe2+ 24. Qxe2 f6 25. Nf3 Qd3 26. Qb2 Na4 27. Qxb7 Qd7 28. Qxd7 Bxd7 29. Bd4 Bc5 30. Bxc5 Nxc5 31. Nd2 Kf7 32. f3 Ke6 33. Kf2 Kd6 34. Ke3 Kc6 35. Kd4 Ne6+ 36. Ke3 Kc5 37. f4 Kb4 38. e5 fxe5 39. fxe5 Ka3 40. Ke4 Kxa2 41. Kd5 a5 42. c5 a4 43. c6 Bc8 44. Nc4 a3 45. Kd6 Kb3 46. Nxa3 Kxa3 47. g4 Kb4 48. c7 Kb5 49. h4 Kb6 50. g5 Nxc7 51. Ke7 g6 52. Kf6 Bg4 53. Kg7 Bh5 54. Kxh7 Kc6 55. Kg7 Kd5 56. Kf6 Ne6 57. Kf7 Kxe5 58. Kg8 Nxg5 59. hxg5 Kf5 60. Kh7 Kxg5 61. Kg7 Kh4 62. Kf6 g5 63. Ke5 g4 64. Kf4 g3 65. Ke3 Kh3 66. Kf4 g2 67. Kg5 g1=Q+ 68. Kh6 Qg6# 0-1

[Event "December 12 Late 2023"]
[Site "https://www.chess.com"]
[Date "2023.12.12"]
[Round "11"]
[White "Wu, Derek"]
[Black "Mazurkiewicz, Michal"]
[Result "1-0"]
[Board "46"]
[TimeControl "180+1"]
[WhiteFideId "30914558"]
[BlackFideId "1124943"]
[WhiteElo "2673"]
[BlackElo "2470"]
[WhiteTeam "USA"]
[BlackTeam "POL"]
[WhiteClock "0:01:23"]
[BlackClock "0:00:00"]

1. e4 d6 2. d4 Nf6 3. Nc3 c6 4. a4 e5 5. Nf3 Qc7 6. Bc4 Be7 7. O-O O-O 8. h3 a5 9. Re1 Nbd7 10. b3 Re8 11. Ba3 Bf8 12. Qd2 exd4 13. Qxd4 Nc5 14. Rad1 Ne6 15. Qd2 Nc5 16. Qf4 Ne6 17. Bxd6 Bxd6 18. Qxd6 Qxd6 19. Rxd6 Nc5 20. e5 Nh5 21. Ng5 Rf8 22. Nxf7 1-0

[Event "December 12 Late 2023"]
[Site "https://www.chess.com"]
[Date "2023.12.12"]
[Round "11"]
[White "Mendes Aaron Reeve"]
[Black "Krzywda, Andrzej"]
[Result "1-0"]
[Board "47"]
[TimeControl "180+1"]
[WhiteFideId "25954938"]
[BlackFideId "1114565"]
[WhiteElo "2619"]
[BlackElo "2503"]
[WhiteTeam "CAN"]
[BlackTeam "POL"]
[WhiteClock "0:00:29"]
[BlackClock "0:00:01"]

1. e4 e5 2. Nf3 Nf6 3. d4 Nxe4 4. dxe5 d5 5. exd6 Bxd6 6. Bd3 Bf5 7. O-O O-O 8. Nbd2 Re8 9. Re1 Nxd2 10. Rxe8+ Qxe8 11. Qxd2 Bg4 12. Qe3 Nc6 13. h3 Qxe3 14. Bxe3 Bxf3 15. gxf3 Ne5 16. Be4 c6 17. Rd1 Bc7 18. f4 Nc4 19. Rd7 Rc8 20. Bxa7 Nxb2 21. Bd4 Nc4 22. Bd3 Nd2 23. Kg2 b5 24. a4 Bxf4 25. axb5 cxb5 26. Bxb5 h5 27. c3 Nb3 28. Ba6 Re8 29. Bc4 Rb8 30. Ba7 Rc8 31. Bxf7+ Kh7 32. Bxb3 Rxc3 33. Rxg7+ Kxg7 34. Bd4+ Kg6 35. Bxc3 Bc1 36. Bc2+ Kg5 37. Kf3 Ba3 38. Ke4 Be7 39. Bd3 Kh4 40. Bf1 Kg5 41. f4+ Kh4 42. Be1# 1-0

[Event "December 12 Late 2023"]
[Site "https://www.chess.com"]
[Date "2023.12.12"]
[Round "11"]
[White "Arnold, Ken"]
[Black "Golubev, Mikhail"]
[Result "0-1"]
[Board "48"]
[TimeControl "180+1"]
[WhiteFideId "2056836"]
[BlackFideId "14100983"]
[WhiteElo "2458"]
[BlackElo "2605"]
[WhiteTeam "USA"]
[BlackTeam "UKR"]
[WhiteClock "0:00:04"]
[BlackClock "0:00:04"]

1. d4 Nf6 2. Nf3 d6 3. Bf4 Nbd7 4. c3 g6 5. e3 Bg7 6. Nbd2 O-O 7. Be2 b6 8. O-O Bb7 9. h3 Re8 10. Bh2 e5 11. dxe5 dxe5 12. Nc4 e4 13. Nd4 Nc5 14. Nb5 c6 15. Nc7 Nd3 16. Nd6 Qxc7 17. Nxe8 Qd7 18. Nxf6+ Bxf6 19. Qc2 Rd8 20. Rad1 Ba6 21. c4 c5 22. b3 Bb7 23. Rd2 Qf5 24. Bg4 Qg5 25. Bf4 Nxf4 26. Rxd8+ Bxd8 27. exf4 Qxf4 28. Rd1 Bc7 29. g3 Qe5 30. Qd2 f5 31. Be2 Bc6 32. Qg5 Kg7 33. h4 h6 34. Qc1 Qf6 35. a3 f4 36. gxf4 Bxf4 37. Qc2 Be5 38. Bf1 Qxh4 39. Bg2 Qf4 40. Re1 Bd4 41. Bxe4 Qg3+ 42. Kf1 Qh3+ 43. Ke2 Qg4+ 44. f3 Qe6 45. Kd1 Qd6 46. Qd3 Be8 47. Re2 g5 48. Kc2 Bf7 49. Bd5 Bg6 50. Be4 Bh5 51. b4 a5 52. bxc5 bxc5 53. Qb3 Be8 54. Qb7+ Bd7 55. Qd5 Qxd5 56. Bxd5 Kf6 57. Be4 h5 58. Kd3 h4 59. Rb2 h3 60. Rh2 Be5 61. Rh1 h2 62. Ke3 Bf4+ 63. Kf2 Be6 64. Bd5 Bxd5 65. cxd5 Ke5 66. Ke2 Kxd5 67. Kd3 c4+ 68. Kc3 Kc5 69. a4 Be5+ 70. Kc2 Kb4 71. Kd2 Kxa4 72. Ke3 Kb3 73. Ke4 Bf4 0-1

[Event "December 12 Late 2023"]
[Site "https://www.chess.com"]
[Date "2023.12.12"]
[Round "11"]
[White "Saravana, Krishnan P."]
[Black "Ladan, Nicholas"]
[Result "1-0"]
[Board "49"]
[TimeControl "180+1"]
[WhiteFideId "5018382"]
[BlackFideId "30918855"]
[WhiteElo "2602"]
[BlackElo "2469"]
[WhiteTeam "IND"]
[BlackTeam "USA"]
[WhiteClock "0:01:16"]
[BlackClock "0:00:04"]

1. e4 e5 2. Nf3 Nc6 3. Bb5 a6 4. Ba4 g6 5. d4 b5 6. Bb3 exd4 7. c3 dxc3 8. Nxc3 Bg7 9. O-O Nge7 10. Bf4 O-O 11. Qd2 Na5 12. Bh6 Nxb3 13. axb3 Bb7 14. Bxg7 Kxg7 15. Ne5 d6 16. Ng4 Nc6 17. Qh6+ Kg8 18. Nd5 f6 19. Rac1 Rf7 20. Qh4 Ne5 21. Nh6+ Kg7 22. Nxf7 Nxf7 23. Nxc7 Qd7 24. Nxa8 Bxa8 25. Rfd1 Qe6 26. Rc3 b4 27. Rcd3 Qe5 28. Rd4 a5 29. Qg3 Qe6 30. h4 h5 31. Rxd6 Qxe4 32. Rd7 Kg8 33. f3 Qe3+ 34. Kh2 Kg7 35. Qc7 Qxb3 36. Rxf7+ Qxf7 37. Rd7 1-0

[Event "December 12 Late 2023"]
[Site "https://www.chess.com"]
[Date "2023.12.12"]
[Round "11"]
[White "Khater, Sherif"]
[Black "Bold, Andre"]
[Result "0-1"]
[Board "50"]
[TimeControl "180+1"]
[WhiteFideId "2034280"]
[BlackFideId "16208471"]
[WhiteElo "2554"]
[BlackElo "2448"]
[WhiteTeam "USA"]
[BlackTeam "GER"]
[WhiteClock "0:00:04"]
[BlackClock "0:00:36"]

1. d4 d5 2. e4 dxe4 3. f3 e3 4. Nc3 g6 5. Bxe3 Bg7 6. Bc4 Nf6 7. Qd2 O-O 8. h4 h5 9. O-O-O c6 10. g4 Nbd7 11. Nge2 Nb6 12. Bb3 a5 13. a3 Nbd5 14. Nxd5 cxd5 15. Nf4 a4 16. Ba2 hxg4 17. h5 Bf5 18. hxg6 fxg6 19. fxg4 Be4 20. Rhg1 Qd7 21. Nd3 Rac8 22. Ne5 Qb5 23. c3 Nd7 24. Nxd7 Qxd7 25. Qh2 Qd6 26. Qd2 Rc6 27. Bh6 Rfc8 28. c4 Rxc4+ 29. Bxc4 Rxc4+ 30. Qc3 Rxc3+ 0-1

[Event "December 12 Late 2023"]
[Site "https://www.chess.com"]
[Date "2023.12.12"]
[Round "11"]
[White "Osmak, Yuliia"]
[Black "Serra Canals, Oriol"]
[Result "0-1"]
[Board "51"]
[TimeControl "180+1"]
[WhiteFideId "14101602"]
[BlackFideId "22276084"]
[WhiteElo "2543"]
[BlackElo "2455"]
[WhiteTeam "UKR"]
[BlackTeam "ESP"]
[WhiteClock "0:00:00"]
[BlackClock "0:00:03"]

1. g3 e6 2. Bg2 Nf6 3. e4 d5 4. d3 dxe4 5. dxe4 Qxd1+ 6. Kxd1 Bc5 7. Ke2 a5 8. Be3 Bxe3 9. Kxe3 Nc6 10. c3 b6 11. Na3 Ba6 12. f4 O-O-O 13. Bf1 Bb7 14. Bg2 Ng4+ 15. Kf3 f5 16. Nh3 Rd3+ 17. Ke2 Re3+ 18. Kf1 fxe4 19. Nc2 Ba6+ 20. Kg1 Re2 21. Nd4 Nxd4 22. cxd4 Rd8 23. Bf1 Rxd4 24. Bxe2 Bxe2 25. Nf2 Rd2 26. Nxg4 Bxg4 27. h3 Bf3 28. Rh2 e3 29. Rf1 e2 30. Re1 Rxb2 31. Rf2 Bd5 32. Rfxe2 Rxa2 33. Rxa2 Bxa2 34. Kf2 a4 35. Ke3 c5 36. Kd3 Bd5 37. Kc3 a3 38. f5 exf5 39. Re5 Be4 40. Kb3 a2 41. Kxa2 Kc7 42. Re7+ Kd6 43. Rxg7 h5 44. Rg5 b5 45. Rxh5 b4 46. Rh8 c4 47. Rb8 Kc5 48. h4 c3 49. h5 Bd5+ 50. Kb1 Kc4 51. h6 b3 52. h7 b2 0-1